 Dungeon Crawl Stone Soup version 0.28-a0-502-g6c43a8f463 (webtiles) character file.

Game seed: 16565987358728927369

23 Lekart the Skirmisher (level 2, -3/27 HPs)
             Began as a Draconian Chaos Knight on Sept 19, 2021.
             Was a Plaything of Xom.
             Slain by a gnoll (7 damage)
             ... on level 2 of the Dungeon on Sept 20, 2021.
             The game lasted 00:02:55 (987 turns).

Lekart the Skirmisher (Draconian Chaos Knight)       Turns: 987, Time: 00:02:56

Health: -3/27      AC:  4    Str: 14    XL:     2   Next: 75%
Magic:  2/2        EV: 12    Int: 12    God:    Xom [..*...]
Gold:   46         SH:  0    Dex: 10    Spells: 1/1 levels left

rFire   . . .      SeeInvis .   a - +0 falchion (chaos)
rCold   . . .      Faith    .   (no shield)
rNeg    . . .      Spirit   .   (armour unavailable)
rPois   .          Reflect  .   (helmet restricted)
rElec   .          Harm     .   (no cloak)
rCorr   .          Rampage  .   (no gloves)
Will    .....                   (no boots)
Stlth   +.........              (no amulet)
HPRegen 0.09/turn               (no ring)
MPRegen 0.08/turn               (no ring)

@: no status effects
A: AC +4, unfitting armour, cold-blooded
a: Renounce Religion


You were on level 2 of the Dungeon.
You worshipped Xom.
You were a toy of Xom.
You visited 1 branch of the dungeon, and saw 2 of its levels.

You collected 46 gold pieces.

Inventory:

Hand Weapons
 a - a +0 falchion of chaos (weapon)
Missiles
 e - 4 javelins (quivered)
Jewellery
 h - a ring of protection from fire
Scrolls
 c - a scroll of identify
 f - a scroll of enchant armour {unknown}
 g - 2 scrolls of fear {unknown}
Potions
 b - a potion of curing {unknown}
 d - 3 potions of heal wounds


   Skills:
 + Level 3.6 Fighting
 + Level 3.6 Long Blades
 + Level 2.3 Dodging


You had one spell level left.
You didn't know any spells.
Your spell library was empty.

Dungeon Overview and Level Annotations

Branches:
Dungeon (2/15)

Altars:

Shops:
D:1 :


Innate Abilities, Weirdness & Mutations

Your plain brown scales are hard. (AC +4)
You cannot fit into any form of body armour.
You are cold-blooded and may be slowed by cold attacks.


Message History

There is an open door here.
You open the door.
There is an open door here.
Found 25 bolts.
No target in view!
Key pressed, stopping explore.
No target in view!
Found a stone staircase leading down.
No target in view!
You open the door. 2 gnolls come into view.
A gnoll is wielding a +1 flail of holy wrath.
The gnoll shouts!
Found 15 gold pieces and a copper wand. 2 gnolls come into view.
The gnoll shouts!
The gnoll moves out of view.
There is an open door here.
There are monsters nearby!
The gnoll shouts! "Let's try an experiment, hmmm?"
You do an impromptu tapdance.
There are monsters nearby!
You hit the gnoll but do no damage.
Space bends around the gnoll.
The gnoll is moderately wounded.
The gnoll misses you.
There are monsters nearby!
You hit the gnoll. You freeze the gnoll.
The gnoll is severely wounded.
The gnoll hits you with a +0 flail!
You barely miss the gnoll.
You tail-slap the gnoll, but do no damage.
The gnoll is severely wounded.
The gnoll hits you with a +1 flail of holy wrath!
* * * LOW HITPOINT WARNING * * *
You are too injured to fight recklessly!
You are too injured to fight recklessly!
The gnoll hits you with a +1 flail of holy wrath!
You die...
Xom howls with laughter!

#.####.###
##........#
##(..###.#.#
##.....#
#######.....##
#>.........##
#.#####....#
####.# ##@##
#..g# #..gg.#
#...$...#
#....g....#
+.........+
#./.......#
##.......##
##.....##


You could see 4 gnolls.

Vanquished Creatures
  A dart slug (D:1)
  2 ball pythons (D:1)
  2 bats (D:1)
  2 endoplasms (D:1)
  2 hobgoblins (D:1)
  2 jackals (D:1)
  A kobold (D:2)
  2 quokkas
  A frilled lizard (D:1)
  4 rats (D:1)
19 creatures vanquished.

Notes
Turn   | Place    | Note
-------+----------+-------------------------------------------
     0 | D:1      | Lekart the Draconian Chaos Knight began the quest for the
                  | Orb.
     0 | D:1      | Reached XP level 1. HP: 19/19 MP: 1/1
    34 | D:1      | Upgraded the game from 0.28-a0-479-g5baa6b73be to
                  | 0.28-a0-502-g6c43a8f463
    37 | D:1      | Found a faded altar of an unknown god.
   153 | D:1      | Reached XP level 2. HP: 26/26 MP: 2/2
   163 | D:1      | Found Zoxkol's Book Boutique.
   228 | D:1      | XOM: silly message
   504 | D:1      | XOM: 2-stop teleportation journey
   983 | D:2      | XOM: silly message
   987 | D:2      | Slain by a gnoll

Illustrated notes

Levels and vault maps discovered:
D:1:      matt_arrival_los_fun, layout_loops_cross, serial_shops, shop_statue,
          hellmonk_ecumenical_altar_lost_god, minmay_heptomino_l4
D:2:      layout_loops_corners

Action                   || total
-------------------------++-------
Melee: Falchion          ||    53
       Tailslap          ||     1
  Use: Scroll            ||     1
 Stab: Sleeping          ||     1
Armor: Skin              ||    11
Dodge: Dodged            ||    35

Table legend: (Time is in decaauts)
 A = Elapsed time spent in this place.
 B = Non-inter-level travel time spent in this place.
 C = Inter-level travel time spent in this place.
 D = Time resting spent in this place.
 E = Time spent auto-exploring this place.
 F = Levels seen in this place.
 G = Mean time per level.
                   A        B        C        D        E       F      G
               +--------+--------+--------+--------+--------+-----+--------+
         Total |    995 |    975 |     20 |      0 |    770 |   2 |  497.5 |
       Dungeon |    995 |    975 |     20 |      0 |    770 |   2 |  497.5 |
               +--------+--------+--------+--------+--------+-----+--------+

Top non-repeatable levels by time:
     D:1: 807 daAuts
     D:2: 187 daAuts
